 Dungeon Crawl Stone Soup version 0.17.0-24-gcfadda4 (webtiles) character file.

39634 dysrexia the Unseen (level 13, -8/61 HPs)
             Began as a Felid Berserker on Nov 17, 2015.
             Was the Champion of Trog.
             Mangled by an ogre
             ... wielding a +0 giant club
              (15 damage)
             ... on level 4 of the Orcish Mines.
             The game lasted 01:28:26 (26869 turns).

dysrexia the Unseen (Felid Berserker)              Turns: 26869, Time: 01:28:27

Health: -8/61      AC:  4    Str: 12 (13) XL:     13   Next: 70%
Magic:  23/23      EV: 35    Int:  8 (9)  God:    Trog [******]
Gold:   2190       SH:  0    Dex: 19 (20) Spells: 0 memorised, 12 levels left
                                        Lives:  0   Deaths: 2

rFire  . . .     SeeInvis +       - Unarmed
rCold  + . .     Rnd*Rage +     (armour unavailable)
rNeg   . . .     SustAt   .     (shield unavailable)
rPois  .         Gourm    .     (helmet unavailable)
rElec  .         Spirit   .     (cloak unavailable)
rCorr  .         Warding  .     (gloves unavailable)
rMut   .         Stasis   .     (boots unavailable)
MR     +....                    (no amulet)
Stlth  +++++++++.               T - ring of stealth
                                k - +2 ring of evasion

@: quick, somewhat resistant to hostile enchantments, incredibly stealthy
A: no armour, no weapons or thrown items, claws 1, fangs 3, icy blue scales 1,
see invisible, berserk 1, carnivore 3, deterioration 1, speed 1, shaggy fur 3,
slow metabolism 1, sharp paws
a: Berserk, Trog's Hand, Brothers in Arms, Burn Spellbooks, Renounce Religion


You were on level 4 of the Orcish Mines.
You worshipped Trog.
Trog was exalted by your worship.
You were completely stuffed.

You visited 3 branches of the dungeon, and saw 21 of its levels.
You also visited: Volcano.

You collected 2190 gold pieces.

Inventory:

Jewellery
 d - a +6 ring of strength
 g - a +2 ring of dexterity
 k - a +2 ring of evasion (left paw)
 B - an uncursed ring of protection from cold
 T - a ring of stealth (right paw)
Wands
 e - a wand of confusion (19)
 s - a wand of digging (15)
 C - a wand of paralysis (16)
 E - a wand of confusion (35)
 F - a wand of disintegration (13)
 J - a wand of paralysis (9)
 M - a wand of slowing (24)
Scrolls
 b - a scroll of blinking
 c - 6 scrolls of teleportation
 h - 2 scrolls of identify
 r - 5 scrolls of remove curse
 D - 3 scrolls of recharging
 H - 2 scrolls of fog
 I - a scroll of magic mapping
Potions
 i - a potion of brilliance
 j - 6 potions of heal wounds
 m - 7 potions of curing
 o - 2 potions of agility
 q - a potion of flight
 t - 3 potions of lignification
 v - a potion of cancellation
 z - 2 potions of might
 A - 3 potions of haste
 G - 2 potions of magic
 K - a potion of resistance
Books
 n - a book of Minor Magic

   Spells                             Type                      Level
   a - Magic Dart                     Conjuration                  1
   b - Blink                          Translocation                2
   c - Call Imp                       Summoning                    2
   d - Repel Missiles                 Charms/Air                   2
   e - Slow                           Hexes                        2
   f - Conjure Flame                  Conjuration/Fire             3
   g - Mephitic Cloud                 Conjuration/Poison/Air       3
   Trog disapproves of the use of such an item.
 O - a book of Debilitation

   Spells                             Type                      Level
   a - Corona                         Hexes                        1
   b - Slow                           Hexes                        2
   c - Gell's Gravitas                Hexes/Translocation          3
   d - Inner Flame                    Hexes/Fire                   3
   e - Cause Fear                     Hexes                        4
   f - Leda's Liquefaction            Hexes/Earth                  4
   Trog disapproves of the use of such an item.
Comestibles
 a - 7 meat rations
 f - 9 chunks of flesh


   Skills:
 - Level 10.0 Fighting
 + Level 15.6 Dodging
 + Level 16.5 Stealth
 * Level 14.2 Unarmed Combat
 + Level 12.3 Evocations


You had 12 spell levels left.
You didn't know any spells.

Dungeon Overview and Level Annotations

Branches:
Dungeon (9/15)             Temple (0/1) D:7            Lair (8/8) D:9
 Spider (0/4) Lair:3        Slime (0/6) Lair:7          Orc (4/4) D:9
  Swamp: Lair:3-6    Shoals: Lair:3-6       Elf: Orc:3-4

Altars:
Ashenzari
Cheibriados
Gozag
Makhleb
Okawaru
Ru
Sif Muna
The Shining One
Jiyva

Shops:
D:9 [   Orc:4 *=[

Annotations:
Lair:3 exclusion: 2 doors
Lair:5 exclusion: oklob plant
Lair:7 1 runed door


Innate Abilities, Weirdness & Mutations

You cannot wear armour.
You are incapable of wielding weapons or throwing items.
You have sharp claws.
You have razor-sharp teeth.
You have supernaturally acute eyesight.
You are carnivorous and can eat meat at any time.
You cover ground quickly.
Your thick and shaggy fur keeps you warm (AC +3, rC+).
You have a slow metabolism.
Your sharp claws are effective at attacking unaware monsters.
You are partially covered in icy blue scales (AC +1).
You tend to lose your temper in combat.
Your body sometimes deteriorates upon taking damage.


Message History

Press: ? - help, Shift-Dir - straight line, f - two-headed ogre
Aim: a two-headed ogre, wielding two giant clubs (almost dead, chance to defeat MR: 52%)
The two-headed ogre resists with significant effort.
Evoking this partially-identified wand wasted a few charges.
Evoke which item? (* to show all) (? for menu, Esc to quit)
Zapping:
e - a wand of confusion {zapped: 2} (will waste charges)
Press: ? - help, Shift-Dir - straight line, f/p - two-headed ogre
Aim: a two-headed ogre, wielding two giant clubs (almost dead, chance to defeat MR: 52%)
The two-headed ogre resists with significant effort.
Evoking this partially-identified wand wasted a few charges.
Your skill with magical items lets you calculate the power of this device...
This wand has 20 charges left.
Evoke which item? (* to show all) (? for menu, Esc to quit)
Zapping:
e - a wand of confusion (20)
Press: ? - help, Shift-Dir - straight line, f/p - two-headed ogre
Aim: a two-headed ogre, wielding two giant clubs (almost dead, chance to defeat MR: 52%)
The two-headed ogre appears confused.
This wand has 19 charges left.
The two-headed ogre cries.
The ogre hits you with a giant club!
You die...

####.).........)..)..#
#.............≈≈≈.##
##...........≈≈≈≈≈.#
##............∩≈≈.#
#...........≈≈≈≈≈.#
#........O...≈≈≈.##
##...............##
##..####O........#
#### #.@.....#.##
#....###### ##...##
#..<..# ##.#.## #####


You could see a two-headed ogre (confused) and an ogre.

Vanquished Creatures
  Gastronok (D:8)
  Nessos (Lair:5)
  Josephine (Lair:8)
  2 catoblepae
  6 hydras
  A deep troll shaman (Lair:8)
  3 ogre magi (Orc:4)
  14 death yaks
  A queen ant (Lair:3)
  A necromancer (Lair:6)
  A griffon (Lair:8)
  6 black mambas
  29 elephants
  Maurice (D:9)
  A gargoyle (D:9)
  A torpor snail (Lair:8)
  A fire drake (Lair:7)
  11 spiny frogs
  A troll (Orc:4)
  3 komodo dragons
  5 polar bears
  8 two-headed ogres (Orc:4)
  22 blink frogs
  Sigmund (D:5)
  5 wraiths (Lair:8)
  A deep elf fighter (D:8)
  36 yaks
  4 basilisks
  9 hippogriffs
  Edmund (D:4)
  A hungry ghost (D:6)
  17 wolves
  9 water moccasins
  4 ice beasts
  Duvessa (D:5)
  4 soldier ants (Lair:3)
  19 porcupines
  4 sky beasts
  3 black bears
  3 orc warriors
  A phantom (D:6)
  A centaur (D:5)
  16 ogres
  14 crocodiles
  17 giant frogs
  Dowan (D:5)
  2 scorpions
  6 electric eels
  11 killer bees
  A giant frog zombie (D:5)
  3 wights (D:7)
  3 crimson imps
  19 orc wizards
  A jelly (D:6)
  12 orc priests
  Ijyb (D:2)
  3 hounds
  12 iguanas
  A centaur skeleton (D:4)
  25 worker ants
  A crocodile zombie (Lair:6)
  46 sheep
  A worker ant zombie (D:8)
  3 gnolls (D:5)
  77 river rats
  15 adders
  12 white imps (Lair:7)
  An ooze (D:5)
  4 worms
  3 adder skeletons
  4 giant geckos
  102 orcs
  3 ball pythons
  7 bats
  5 giant cockroaches
  7 hobgoblins
  8 jackals
  A giant gecko skeleton (D:6)
  5 giant newts
  8 goblins
  7 kobolds
  9 rats
722 creatures vanquished.

Vanquished Creatures (collateral kills)
  5 death yaks (Lair:8)
  2 elephants (Lair:7)
  A black mamba (Lair:8)
  2 two-headed ogres (Orc:4)
  A yak (Lair:7)
  An ogre (Orc:4)
  2 orc priests (Orc:4)
  An orc wizard (Orc:4)
  3 orcs (Orc:4)
18 creatures vanquished.

Vanquished Creatures (others)
  42 fungi
  21 plants
  11 toadstools (Lair:5)
74 creatures vanquished.

Grand Total: 814 creatures vanquished

Notes
Turn   | Place    | Note
--------------------------------------------------------------
     0 | D:1      | dysrexia the Felid Berserker began the quest for the Orb.
     0 | D:1      | Reached XP level 1. HP: 10/10 MP: 2/2
   118 | D:1      | Reached skill level 1 in Stealth
   139 | D:1      | Reached XP level 2. HP: 11/14 MP: 3/3
  1204 | D:1      | Reached ** piety under Trog
  1268 | D:1      | Reached XP level 3. HP: 17/17 MP: 4/4
  1635 | D:2      | Noticed Ijyb
  1874 | D:2      | Killed Ijyb
  1874 | D:2      | Reached XP level 4. HP: 21/21 MP: 5/5
  2791 | D:3      | Reached skill level 5 in Dodging
  2960 | D:3      | Reached XP level 5. HP: 22/24 MP: 6/6
  3021 | D:3      | Reached *** piety under Trog
  3096 | D:3      | Reached skill level 5 in Unarmed Combat
  3142 | D:3      | Found a glowing golden altar of the Shining One.
  3152 | D:3      | Gained mutation: You are covered in thick fur (AC +2). [Felid growth]
  3152 | D:3      | Reached XP level 6. HP: 24/28 MP: 7/7
  3710 | D:4      | Found a sacrificial altar of Ru.
  3835 | D:4      | Noticed Edmund
  3842 | D:4      | Killed Edmund
  3842 | D:4      | Reached skill level 6 in Dodging
  3842 | D:4      | Reached skill level 5 in Stealth
  4281 | D:4      | Reached XP level 7. HP: 31/31 MP: 8/8
  4530 | D:5      | Entered Level 5 of the Dungeon
  4534 | D:5      | Found an iron altar of Okawaru.
  4895 | D:5      | Reached **** piety under Trog
  4925 | D:5      | Noticed Sigmund
  4936 | D:5      | Killed Sigmund
  4936 | D:5      | Reached skill level 7 in Dodging
  4936 | D:5      | Reached skill level 1 in Evocations
  5227 | D:5      | Reached XP level 8. HP: 31/34 MP: 10/10
  5274 | D:5      | Noticed Duvessa
  5274 | D:5      | Noticed Dowan
  5277 | D:5      | Killed Dowan
  5287 | D:5      | Killed Duvessa
  6292 | D:6      | Found an opulent altar of Gozag.
  6387 | D:6      | Reached skill level 8 in Dodging
  6863 | D:6      | Reached XP level 9. HP: 37/37 MP: 11/13
  7320 | D:7      | Found a staircase to the Ecumenical Temple.
  7837 | D:7      | Found a shattered altar of Ashenzari.
  7954 | D:7      | Reached skill level 9 in Unarmed Combat
  8383 | D:8      | Found a burning altar of Makhleb.
  8765 | D:8      | Reached skill level 5 in Evocations
  8812 | D:8      | Gained mutation: You are agile. (Dex +2) [mutagenic meat]
  8813 | D:8      | Gained mutation: You are partially covered in icy blue scales (AC +1). [mutagenic meat]
  9303 | D:8      | Noticed Gastronok
  9334 | D:8      | Killed Gastronok
  9334 | D:8      | Reached skill level 10 in Dodging
  9334 | D:8      | Reached skill level 10 in Stealth
  9334 | D:8      | Reached skill level 10 in Unarmed Combat
  9334 | D:8      | Reached XP level 10. HP: 22/42 MP: 15/15
  9937 | D:8      | Reached ***** piety under Trog
 10039 | D:9      | Found a staircase to the Lair.
 10067 | D:9      | Found Hoocurip's Antique Armour Emporium.
 10146 | D:9      | Noticed a gargoyle
 10160 | D:9      | Killed a gargoyle
 10424 | D:9      | Found a deep blue altar of Sif Muna.
 10607 | D:9      | Found a staircase to the Orcish Mines.
 10754 | D:9      | Noticed Maurice
 10761 | D:9      | Killed Maurice
 10761 | D:9      | Reached skill level 5 in Fighting
 10880 | D:9      | Found a burning altar of Makhleb.
 10955 | Lair:1   | Entered Level 1 of the Lair of Beasts
 11077 | Lair:1   | Reached skill level 11 in Stealth
 11155 | Lair:1   | Reached XP level 11. HP: 48/48 MP: 17/17
 12760 | Lair:2   | Reached skill level 12 in Stealth
 13852 | Lair:3   | Noticed a death yak
 13852 | Lair:3   | Noticed a death yak
 13860 | Lair:3   | Noticed a death yak
 13895 | Lair:3   | Noticed a death yak
 13900 | Lair:3   | Noticed a death yak
 13926 | Lair:3   | Killed a death yak
 13929 | Lair:3   | Noticed a death yak
 14008 | Lair:2   | Killed a death yak
 14008 | Lair:2   | Gained mutation: Your thick and shaggy fur keeps you warm (AC +3, rC+). [Felid growth]
 14008 | Lair:2   | Reached XP level 12. HP: 56/56 MP: 19/19
 14299 | Lair:2   | Killed a death yak
 14692 | Lair:3   | Killed a death yak
 14692 | Lair:3   | Reached skill level 13 in Stealth
 14850 | Lair:3   | Noticed a seven-headed hydra
 14853 | Lair:3   | Killed a seven-headed hydra
 14875 | Lair:3   | Gained mutation: You tend to lose your temper in combat. [potion of mutation]
 14875 | Lair:3   | Lost mutation: You are agile. (Dex +2) [potion of mutation]
 14875 | Lair:3   | Gained mutation: Your body sometimes deteriorates upon taking damage. [potion of mutation]
 15223 | Lair:3   | Found a hole to the Spider Nest.
 15317 | Lair:3   | Noticed a queen ant
 15339 | Lair:3   | Killed a queen ant
 15560 | Lair:3   | Reached ****** piety under Trog
 15884 | Lair:3   | Killed a death yak
 16086 | Lair:4   | Reached skill level 10 in Fighting
 16374 | Lair:4   | Killed a death yak
 17129 | Lair:5   | Reached skill level 14 in Stealth
 17195 | Lair:5   | Reached skill level 10 in Evocations
 17326 | Lair:5   | Reached XP level 13. HP: 46/61 MP: 21/21
 17393 | Lair:5   | Noticed a six-headed hydra
 17419 | Lair:5   | Killed a six-headed hydra
 17672 | Lair:5   | Noticed a catoblepas
 17672 | Lair:5   | Noticed a dire elephant
 17742 | Lair:5   | Found a dark tunnel.
 17752 | Volcano  | Entered a volcano
 17920 | Lair:5   | Noticed Nessos
 17952 | Lair:5   | Killed Nessos
 20086 | Lair:7   | Found a snail-covered altar of Cheibriados.
 20119 | Lair:7   | Reached skill level 15 in Stealth
 20168 | Lair:7   | Found a runed door.
 20168 | Lair:7   | Found a viscous altar of Jiyva.
 20335 | Lair:7   | Found a staircase to the Slime Pits.
 20804 | Lair:7   | Mangled by a death yak
 20805 | Lair:7   | Reached XP level 12. HP: -6/58 MP: 21/21
 21031 | Lair:7   | Reached XP level 13. HP: 46/61 MP: 22/22
 22025 | Lair:8   | Entered Level 8 of the Lair of Beasts
 22353 | Lair:7   | HP: 2/61 [yak[a torpor snail] (8)]
 22356 | Lair:7   | Slain by a komodo dragon
 22357 | Lair:7   | Reached XP level 12. HP: 0/58 MP: 21/21
 22839 | Lair:8   | Noticed Josephine
 22929 | Lair:8   | Killed Josephine
 22929 | Lair:8   | Reached skill level 15 in Dodging
 23501 | Lair:8   | Reached XP level 13. HP: 39/61 MP: 22/22
 23818 | Lair:7   | Reached skill level 16 in Stealth
 25208 | Orc:1    | Entered Level 1 of the Orcish Mines
 26313 | Orc:4    | Entered Level 4 of the Orcish Mines
 26314 | Orc:4    | Found Tedise's Antique Armour Emporium.
 26696 | Orc:4    | Found Ufuz's Jewellery Shoppe.
 26696 | Orc:4    | Found Zeshraeh's Assorted Antiques.
 26869 | Orc:4    | Mangled by an ogre

Action                   |  1- 3 |  4- 6 |  7- 9 | 10-12 | 13-15 || total
-------------------------+-------+-------+-------+-------+-------++-------
Melee: Unarmed           |   119 |   123 |   292 |   974 |   818 ||  2326
Invok: Berserk           |     4 |     2 |    10 |    29 |    19 ||    64
       Trog's Hand       |       |     1 |     1 |     7 |     3 ||    12
       Brothers in Arms  |       |       |       |     1 |     3 ||     4
Evoke: Wand              |       |       |       |     1 |     8 ||     9
  Use: Scroll            |       |    11 |     2 |     8 |     3 ||    24
       Potion            |       |       |       |     3 |     7 ||    10
 Stab: Sleeping          |     7 |     7 |    18 |    46 |    51 ||   129
       Distracted        |       |     1 |       |     8 |    11 ||    20
  Eat: Chunk             |    12 |     8 |    20 |    64 |    40 ||   144
